PL
VANCOUVER GREY WOLVES @ PHOENIX HOTSPUR
09/13/2030
 
TOP OF THE 1ST
Vancouver Grey Wolves batting - Pitching for Phoenix Hotspur : LHP Wes Hamm
Pitching: LHP Wes Hamm
Batting: RHB José Jarca 0-0: Ball
1-0: Ball
2-0: Called Strike
2-1: Foul Ball, location: 2F
2-2: Foul Ball, location: 2F
2-2: Strikes out swinging
Batting: RHB Hugh Mungus 0-0: Ball
1-0: Ball
2-0: Called Strike
2-1: Ball
3-1: Foul Ball, location: 2F
3-2: Base on Balls
Batting: RHB Wilson Vega 0-0: Called Strike
0-1: Ball
1-1: Called Strike
1-2: Strikes out swinging
Batting: LHB Preston Witt 0-0: Called Strike
0-1: Ball
1-1: Ball
2-1: Called Strike
2-2: Fly out, F9 (Flyball, 9S)
Top of the 1st over - 0 runs, 0 hits, 0 errors, 1 left on base; Vancouver 0 - Phoenix 0
BOTTOM OF THE 1ST
Phoenix Hotspur batting - Pitching for Vancouver Grey Wolves : LHP Gerardo Pagán
Pitching: LHP Gerardo Pagán
Batting: LHB Francisco García 0-0: Ball
1-0: Swinging Strike
1-1: Foul Ball, location: 2F
1-2: Ball
2-2: SINGLE (Line Drive, 8LS)
Batting: RHB Kyle Bywaters 0-0: Ball
1-0: Ground out 5-3 (Groundball, 56S)
Francisco García to second
Batting: RHB John Downing 0-0: Called Strike
0-1: Swinging Strike
0-2: Foul Ball, location: 2F
0-2: Foul Ball, location: 2F
0-2: Foul Ball, location: 2F
0-2: Ball
Wild Pitch!
Francisco García to third
1-2: Ball
2-2: Strikes out swinging
Batting: RHB Gabriel Pérez 0-0: Hit by Pitch
Batting: LHB Shojiro Ueda 0-0: Fly out, F9 (Line Drive, 9D)
Bottom of the 1st over - 0 runs, 1 hit, 0 errors, 2 left on base; Vancouver 0 - Phoenix 0
TOP OF THE 2ND
Vancouver Grey Wolves batting - Pitching for Phoenix Hotspur : LHP Wes Hamm
Batting: SHB Ted Striker 0-0: Ball
1-0: Foul Ball, location: 2F
1-1: Ball
2-1: Ground out 6-3 (Groundball, 56)
Batting: RHB Arlen Joysey 0-0: Ball
1-0: Called Strike
1-1: Swinging Strike
1-2: Foul Ball, location: 2F
1-2: Ball
2-2: Foul Ball, location: 2F
2-2: Strikes out swinging
Batting: LHB David Smith 0-0: Called Strike
0-1: Ball
1-1: Foul Ball, location: 2F
1-2: Ball
2-2: Strikes out swinging
Top of the 2nd over - 0 runs, 0 hits, 0 errors, 0 left on base; Vancouver 0 - Phoenix 0
BOTTOM OF THE 2ND
Phoenix Hotspur batting - Pitching for Vancouver Grey Wolves : LHP Gerardo Pagán
Batting: RHB Randy Rehling 0-0: Swinging Strike
0-1: Ball
1-1: DOUBLE (Line Drive, 78XD)
Batting: RHB Alex Niemann 0-0: Ball
1-0: SINGLE (Flyball, 9LM)
Randy Rehling to third
Batting: LHB Wagaw Lukongolo 0-0: Called Strike
0-1: Ball
1-1: DOUBLE (Groundball, 3D)
Randy Rehling scores
Alex Niemann to third
Batting: RHB Jesús Álvarez 0-0: Called Strike
0-1: Swinging Strike
0-2: Foul Ball, location: 2F
0-2: Ball
1-2: Strikes out swinging
Batting: LHB Francisco García 0-0: Called Strike
0-1: Ball
1-1: Foul Ball, location: 2F
1-2: Ball
2-2: Ball
3-2: Strikes out swinging
Batting: RHB Kyle Bywaters 0-0: Ball
1-0: Foul Ball, location: 2F
1-1: Ball
2-1: Ball
3-1: SINGLE (Line Drive, 9LS)
Alex Niemann scores
Wagaw Lukongolo to third
Runner from 3rd tries for Home, SAFE, no throw
Batting: RHB John Downing 0-0: Called Strike
0-1: Ball
1-1: Ball
2-1: Fly out, F4 (Popup, 4M)
Bottom of the 2nd over - 3 runs, 4 hits, 0 errors, 1 left on base; Vancouver 0 - Phoenix 3
TOP OF THE 3RD
Vancouver Grey Wolves batting - Pitching for Phoenix Hotspur : LHP Wes Hamm
Batting: RHB Hank Scorpio 0-0: Swinging Strike
0-1: Foul Ball, location: 2F
0-2: Ball
1-2: Ball
2-2: Strikes out looking
Batting: LHB Michael Malloy 0-0: Foul Ball, location: 2F
0-1: Ground out 6-3 (Groundball, 6)
Batting: RHB José Jarca 0-0: Called Strike
0-1: Swinging Strike
0-2: Ball
1-2: Strikes out looking
Top of the 3rd over - 0 runs, 0 hits, 0 errors, 0 left on base; Vancouver 0 - Phoenix 3
BOTTOM OF THE 3RD
Phoenix Hotspur batting - Pitching for Vancouver Grey Wolves : LHP Gerardo Pagán
Batting: RHB Gabriel Pérez 0-0: Ball
1-0: Ball
2-0: Ball
3-0: SINGLE (Groundball, 6MD)
Batting: LHB Shojiro Ueda 0-0: Swinging Strike
0-1: Ball
Wild Pitch!
Gabriel Pérez to second
1-1: Called Strike
1-2: Strikes out looking
Batting: RHB Randy Rehling 0-0: Foul Ball, location: 2F
0-1: Ball
1-1: Swinging Strike
1-2: Fly out, F3 (Line Drive, 34)
Batting: RHB Alex Niemann 0-0: SINGLE (Line Drive, 8RS)
Gabriel Pérez to third
Runner from 3rd tries for Home, SAFE, no throw
Batting: LHB Wagaw Lukongolo 0-0: Ball
Alex Niemann is caught stealing 2nd base
Bottom of the 3rd over - 1 run, 2 hits, 0 errors, 0 left on base; Vancouver 0 - Phoenix 4
TOP OF THE 4TH
Vancouver Grey Wolves batting - Pitching for Phoenix Hotspur : LHP Wes Hamm
Batting: RHB Hugh Mungus 0-0: Called Strike
0-1: Fly out, F8 (Flyball, 8LXD)
Batting: RHB Wilson Vega 0-0: Ball
1-0: Foul Ball, location: 2F
1-1: Foul Ball, location: 2F
1-2: Ball
2-2: SINGLE (Flyball, 89M)
Batting: LHB Preston Witt 0-0: Called Strike
0-1: Ball
1-1: Foul Ball, location: 2F
1-2: Ball
2-2: Foul Ball, location: 2F
Pickoff Throw to First - Out!
2-2: Ball
3-2: Ground out 5-3 (Groundball, 56)
Top of the 4th over - 0 runs, 1 hit, 0 errors, 0 left on base; Vancouver 0 - Phoenix 4
BOTTOM OF THE 4TH
Phoenix Hotspur batting - Pitching for Vancouver Grey Wolves : LHP Gerardo Pagán
Batting: LHB Wagaw Lukongolo 0-0: Ground out 4-3 (Groundball, 4)
Batting: RHB Jesús Álvarez 0-0: Ball
1-0: Ball
2-0: Called Strike
2-1: Ground out 4-3 (Groundball, 4)
Batting: LHB Francisco García 0-0: Ball
1-0: Ball
2-0: Called Strike
2-1: Ball
3-1: Called Strike
3-2: Base on Balls
Batting: RHB Kyle Bywaters 0-0: Ground out 4-3 (Groundball, 4)
Bottom of the 4th over - 0 runs, 0 hits, 0 errors, 1 left on base; Vancouver 0 - Phoenix 4
TOP OF THE 5TH
Vancouver Grey Wolves batting - Pitching for Phoenix Hotspur : LHP Wes Hamm
Batting: SHB Ted Striker 0-0: Foul Ball, location: 2F
0-1: Ground out 6-3 (Groundball, 6)
Batting: RHB Arlen Joysey 0-0: Called Strike
0-1: Swinging Strike
0-2: Ball
1-2: Fly out, F6 (Popup, 6D)
Batting: LHB David Smith 0-0: Called Strike
0-1: Foul Ball, location: 2F
0-2: Ball
1-2: Ground out 4-3 (Groundball, 4M)
Top of the 5th over - 0 runs, 0 hits, 0 errors, 0 left on base; Vancouver 0 - Phoenix 4
BOTTOM OF THE 5TH
Phoenix Hotspur batting - Pitching for Vancouver Grey Wolves : LHP Gerardo Pagán
Batting: RHB John Downing 0-0: Ball
1-0: Ball
2-0: Fly out, F9 (Flyball, 9LMF)
Batting: RHB Gabriel Pérez 0-0: Fly out, F8 (Flyball, 8RM)
Batting: LHB Shojiro Ueda 0-0: Ball
1-0: SINGLE (Line Drive, 4MD)
Batting: RHB Randy Rehling 0-0: Called Strike
0-1: Ball
1-1: Ball
2-1: Swinging Strike
2-2: Foul Ball, location: 2F
2-2: Ball
3-2: Strikes out swinging
Bottom of the 5th over - 0 runs, 1 hit, 0 errors, 1 left on base; Vancouver 0 - Phoenix 4
TOP OF THE 6TH
Vancouver Grey Wolves batting - Pitching for Phoenix Hotspur : LHP Wes Hamm
Batting: RHB Hank Scorpio 0-0: Called Strike
0-1: Ball
1-1: Swinging Strike
1-2: Ball
2-2: Strikes out looking
Batting: LHB Michael Malloy 0-0: Called Strike
0-1: Foul Ball, location: 2F
0-2: Strikes out swinging
Batting: RHB José Jarca 0-0: Called Strike
0-1: Foul Ball, location: 2F
0-2: Strikes out swinging
Top of the 6th over - 0 runs, 0 hits, 0 errors, 0 left on base; Vancouver 0 - Phoenix 4
BOTTOM OF THE 6TH
Phoenix Hotspur batting - Pitching for Vancouver Grey Wolves : LHP Gerardo Pagán
Batting: RHB Alex Niemann 0-0: Called Strike
0-1: SINGLE (Flyball, 89M)
Batting: LHB Wagaw Lukongolo 0-0: Ball
1-0: Ball
2-0: Swinging Strike
2-1: Swinging Strike
2-2: Strikes out swinging
Batting: RHB Jesús Álvarez 0-0: Ball
1-0: Foul Ball, location: 2F
1-1: Ball
2-1: SINGLE (Groundball, 56D)
Alex Niemann to second
Batting: LHB Francisco García 0-0: Ball
1-0: Fly out, F9 (Flyball, 9LM)
Batting: RHB Kyle Bywaters 0-0: Swinging Strike
0-1: Ball
1-1: Ball
2-1: Called Strike
2-2: Foul Ball, location: 2F
2-2: Fielders Choice at 2nd, 6-4 (Groundball, 6)
Bottom of the 6th over - 0 runs, 2 hits, 0 errors, 2 left on base; Vancouver 0 - Phoenix 4
TOP OF THE 7TH
Vancouver Grey Wolves batting - Pitching for Phoenix Hotspur : LHP Wes Hamm
Batting: RHB Hugh Mungus 0-0: Foul Ball, location: 2F
0-1: Foul Ball, location: 2F
0-2: Ball
1-2: Strikes out swinging
Batting: RHB Wilson Vega 0-0: Foul Ball, location: 2F
0-1: Ball
1-1: Called Strike
1-2: Ball
2-2: Strikes out swinging
Batting: LHB Preston Witt 0-0: Ball
1-0: Ground out 4-3 (Groundball, 4S)
Top of the 7th over - 0 runs, 0 hits, 0 errors, 0 left on base; Vancouver 0 - Phoenix 4
BOTTOM OF THE 7TH
Phoenix Hotspur batting - Pitching for Vancouver Grey Wolves : LHP Gerardo Pagán
Pitching: RHP Gustavo López
Batting: RHB John Downing 0-0: Ball
1-0: Swinging Strike
1-1: Foul Ball, location: 2F
1-2: Ball
2-2: Ball
3-2: SINGLE (Groundball, 6D)
Batting: RHB Gabriel Pérez 0-0: Foul Ball, location: 2F
0-1: SINGLE (Groundball, 6MD)
John Downing to second
Runner from 2nd tries for 3rd, SAFE, no throw
Batting: LHB Shojiro Ueda 0-0: Ball
1-0: Called Strike
1-1: SINGLE (Groundball, 34D)
John Downing scores
Gabriel Pérez to second
Runner from 2nd tries for 3rd, SAFE, no throw
Batting: RHB Randy Rehling 0-0: Ball
1-0: Called Strike
1-1: Hit by Pitch
Shojiro Ueda to second
Batting: RHB Alex Niemann 0-0: Called Strike
0-1: Ball
1-1: Swinging Strike
1-2: Ball
2-2: Foul Ball, location: 2F
2-2: Strikes out looking
Batting: LHB Wagaw Lukongolo 0-0: Swinging Strike
0-1: Foul Ball, location: 2F
0-2: Ball
1-2: Fly out, F9 (Flyball, 9D)
Runner from 3rd tags up, OUT at HOME
Bottom of the 7th over - 1 run, 3 hits, 0 errors, 2 left on base; Vancouver 0 - Phoenix 5
TOP OF THE 8TH
Vancouver Grey Wolves batting - Pitching for Phoenix Hotspur : LHP Wes Hamm
Batting: SHB Ted Striker 0-0: Called Strike
0-1: Fly out, F7 (Flyball, 7D)
Batting: RHB Arlen Joysey 0-0: Called Strike
0-1: Foul Ball, location: 2F
0-2: Strikes out swinging
Batting: LHB David Smith 0-0: Called Strike
0-1: Ground out 3-1 (Groundball, 34S)
Top of the 8th over - 0 runs, 0 hits, 0 errors, 0 left on base; Vancouver 0 - Phoenix 5
BOTTOM OF THE 8TH
Phoenix Hotspur batting - Pitching for Vancouver Grey Wolves : RHP Gustavo López
Batting: RHB Jesús Álvarez 0-0: Foul Ball, location: 2F
0-1: Swinging Strike
0-2: Ball
1-2: SINGLE (Groundball, 5D)
Batting: LHB Francisco García 0-0: Ball
Jesús Álvarez steals 2nd base
1-0: Ground out U3 (Groundball, 34D)
Jesús Álvarez to third
Batting: RHB Kyle Bywaters 0-0: Ball
1-0: Ball
2-0: Called Strike
2-1: Ball
3-1: 2-RUN HOME RUN (Line Drive, 7LD), Distance : 360 ft
Batting: RHB John Downing 0-0: Ball
1-0: Called Strike
1-1: Foul Ball, location: 2F
1-2: Ball
2-2: Foul Ball, location: 2F
2-2: SINGLE (Groundball, 6MD)
Batting: RHB Gabriel Pérez 0-0: Ball
1-0: Ball
2-0: Swinging Strike
2-1: SINGLE (Groundball, 5D)
John Downing to second
Batting: LHB Shojiro Ueda 0-0: TRIPLE (Line Drive, 78XD)
John Downing scores
Gabriel Pérez scores
Batting: RHB Randy Rehling 0-0: SINGLE (Line Drive, 8RS)
Shojiro Ueda scores
Batting: RHB Alex Niemann 0-0: Called Strike
0-1: Called Strike
0-2: Ball
1-2: Strikes out swinging
Batting: LHB Wagaw Lukongolo 0-0: Foul Ball, location: 2F
0-1: Ground out 3-1 (Groundball, 23)
Bottom of the 8th over - 5 runs, 6 hits, 0 errors, 1 left on base; Vancouver 0 - Phoenix 10
TOP OF THE 9TH
Vancouver Grey Wolves batting - Pitching for Phoenix Hotspur : LHP Wes Hamm
Batting: RHB Hank Scorpio 0-0: Foul Ball, location: 2F
0-1: Ball
1-1: Ball
2-1: Ground out 4-3 (Groundball, 4S)
Batting: LHB Michael Malloy 0-0: Ball
1-0: Called Strike
1-1: Ball
2-1: Foul Ball, location: 2F
2-2: Ball
3-2: Ground out 6-3 (Groundball, 6D)
Batting: RHB José Jarca 0-0: SINGLE (Groundball, 6D)
Batting: RHB Hugh Mungus 0-0: Fly out, F5 (Line Drive, 56)
Top of the 9th over - 0 runs, 1 hit, 0 errors, 1 left on base; Vancouver 0 - Phoenix 10
Sunday, March 18th, 2018 - OOTP Baseball 18.8 Build 76